 Dungeon Crawl Stone Soup version 0.28.0-53-g5a82cb258f (webtiles) character file.

Game seed: 9730824402504847288

107 MiltankisOP the Vexing (level 5, -1/29 HPs)
             Began as a Kobold Arcane Marksman on June 15, 2022.
             Slain by a kobold
             ... wielding a +0 whip
              (2 damage)
             ... in a sewer.
             The game lasted 00:08:10 (3034 turns).

MiltankisOP the Vexing (Kobold Arcane Marksman)     Turns: 3034, Time: 00:08:10

Health: -1/29      AC:  2    Str:  8    XL:     5   Next: 10%
Magic:  6/6        EV: 15    Int: 14    God:
Gold:   71         SH:  0    Dex: 17    Spells: 5/6 levels left

rFire   . . .      SeeInvis .   a - +0 hand crossbow
rCold   . . .      Faith    .   (no shield)
rNeg    . . .      Spirit   .   d - +0 robe
rPois   .          Reflect  .   (no helmet)
rElec   .          Harm     .   (no cloak)
rCorr   .          Rampage  .   (no gloves)
Will    .....                   (no boots)
Stlth   +++.......              (no amulet)
HPRegen 0.09/turn               (no ring)
MPRegen 0.10/turn               (no ring)

@: no status effects
A: small, no large weapons, nightstalker 3
a: no special abilities


You were in a sewer.
You visited 1 branch of the dungeon, and saw 3 of its levels.
You also visited: Sewer.

You collected 71 gold pieces.

Inventory:

Hand Weapons
 a - a +0 hand crossbow (weapon)
 i - the +8 hunting sling "Sughyl" {freeze, rElec Will+ Dex-5 SInv}
   (You found it on level 2 of the Dungeon)

   Any ammunition fired from it freezes those it strikes, dealing additional
   cold damage.
   It can also slow down cold-blooded creatures.
   Dex:       It affects your dexterity (-5).
   rElec:     It insulates you from electricity.
   SInv:      It lets you see invisible.
   Will:      It increases your willpower.
Missiles
 c - 9 bolts (quivered ammo)
 l - 38 stones
Armour
 d - a +0 robe (worn)
Scrolls
 e - 2 scrolls of identify {unknown}
 h - a scroll of amnesia {unknown}
 j - 2 scrolls of fog {unknown}
 k - a scroll of enchant armour {unknown}
Potions
 b - 2 potions of brilliance {unknown}
 f - a potion of cancellation {unknown}
 g - a potion of degeneration {unknown}
 m - a potion of lignification {unknown}


   Skills:
 - Level 1.2 Fighting
 - Level 3.1 Crossbows
 - Level 3.2 Dodging
 - Level 1.1 Spellcasting
 + Level 4.7 Hexes


You had 5 spell levels left.
You knew the following spells:

 Your Spells              Type           Power      Damage    Failure   Level
a - Slow                  Hex            56%        N/A       3%          1

Your spell library contained the following spells:

 Spells                   Type           Power      Damage    Failure   Level
 Ensorcelled Hibernation  Hex/Ice        14%        N/A       16%         2
 Summon Small Mammal      Summ           0%         N/A       26%         1
 Inner Flame              Hex/Fire       7%         N/A       30%         3
 Portal Projectile        Hex/Tloc       14%        N/A       30%         3
 Summon Guardian Golem    Hex/Summ       7%         N/A       30%         3
 Cause Fear               Hex            7%         N/A       36%         4
 Call Canine Familiar     Summ           0%         N/A       61%         3
 Spider Form              Tmut/Pois      0%         N/A       61%         3
 Anguish                  Hex/Necr       3%         N/A       69%         4


Dungeon Overview and Level Annotations

Branches:
Dungeon (3/15)              Sewer (1/1)

Altars:
Xom

Shops:
D:3 (


Innate Abilities, Weirdness & Mutations

You are small and have problems with some larger weapons.
You are completely attuned to the shadows.


Message History

The kobold brigand barely misses you.
Fire: 13 bolts
Press: ? - help, Q - select action, (/) - cycle Shift-Dir - straight line, f/p - kobold brigand
Aim: a kobold brigand, wielding a +0 club and quivering poisoned darts (heavily wounded, 58% to hit)
You shoot a bolt.
The bolt barely misses the kobold brigand.
The jackal splashes around in the water.
The kobold splashes around in the water.
The jackal splashes around in the water.
The kobold brigand splashes around in the water.
Fire: 12 bolts
Press: ? - help, Q - select action, (/) - cycle Shift-Dir - straight line, f/p - kobold brigand
Aim: a kobold brigand, wielding a +0 club and quivering poisoned darts (heavily wounded, 58% to hit)
You shoot a bolt. The bolt hits the kobold brigand.
The kobold brigand is severely wounded.
You hear a splash.
The jackal splashes around in the water.
The kobold hits you but does no damage.
The kobold brigand hits you with a +0 club!
The jackal splashes around in the water.
The kobold hits you but does no damage.
The kobold brigand hits you with a +0 club!
Fire: 11 bolts
Press: ? - help, Q - select action, (/) - cycle Shift-Dir - straight line, f/p - kobold brigand
Aim: a kobold brigand, wielding a +0 club and quivering poisoned darts (severely wounded, 58% to hit)
You shoot a bolt.
The bolt barely misses the kobold brigand.
The jackal completely misses you. The kobold hits you with a +0 whip.
* * * LOW HITPOINT WARNING * * *
The jackal closely misses you.
The kobold brigand hits you with a +0 club!
* * * LOW HITPOINT WARNING * * *
Fire: 10 bolts
Press: ? - help, Q - select action, (/) - cycle Shift-Dir - straight line, f/p - kobold brigand
Aim: a kobold brigand, wielding a +0 club and quivering poisoned darts (severely wounded, 58% to hit)
You shoot a bolt.
The bolt barely misses the kobold brigand.
The jackal bites you but does no damage.
The kobold hits you with a +0 whip.
You die...

#≈# #≈# #≈# #≈# #≈#
#≈# #≈# #########≈##
#(≈K@≈..≈≈≈#######
#..hK≈≈≈≈≈≈≈.≈...####
#((≈≈≈≈≈≈≈≈≈≈≈≈≈≈≈≈≈≈
((≈≈≈≈≈≈≈≈≈≈≈≈≈≈≈≈≈≈≈
#.≈≈≈≈≈≈≈≈≈≈≈≈≈≈≈≈≈≈≈
≈≈≈≈≈≈.....####
##.###


You could see a kobold brigand, a jackal and a kobold.

Vanquished Creatures
  2 adders (D:2)
  A river rat (Sewer)
  An adder skeleton (D:2)
  A worm (D:3)
  3 dart slugs
  2 orcs (D:3)
  4 endoplasms
  3 giant cockroaches (D:3)
  9 goblins
  6 hobgoblins
  4 jackals
  3 kobolds
  4 quokkas
  4 ball pythons
  A bat (D:1)
  2 frilled lizards
  14 rats
64 creatures vanquished.

Notes
Turn   | Place    | Note
-------+----------+-------------------------------------------
     0 | D:1      | MiltankisOP the Kobold Arcane Marksman began the quest for
                  | the Orb.
     0 | D:1      | Reached XP level 1. HP: 12/12 MP: 2/2
    58 | D:1      | Reached XP level 2. HP: 12/16 MP: 3/3
   645 | D:1      | Reached XP level 3. HP: 15/20 MP: 4/4
  1705 | D:2      | Reached XP level 4. HP: 25/25 MP: 5/5
  1707 | D:2      | Identified the +8 hunting sling "Sughyl" {freeze, rElec
                  | Will+ Dex-5 SInv}
  1745 | D:2      | Found a shimmering altar of Xom.
  1810 | D:2      | Reached skill level 4 in Hexes
  2290 | D:3      | Found a faded altar of an unknown god.
  2545 | D:3      | Found Lieno's Weapon Emporium.
  2831 | D:3      | Found a glowing drain.
  2860 | Sewer    | Entered a sewer
  2870 | Sewer    | Reached XP level 5. HP: 22/29 MP: 6/6
  3024 | Sewer    | Noticed a kobold brigand
  3033 | Sewer    | HP: 1/29 [kobold brigand/+0 club (7)]
  3034 | Sewer    | Slain by a kobold

Illustrated notes

Levels and vault maps discovered:
D:1:      lemuel_arrival_river_bridge, layout_basic, chequers_arboretum,
          grunt_decor_fettered, hex_tiny, chequers_serial_rivers_small_a
D:2:      layout_basic, basic_altar, minmay_3d_cube
D:3:      layout_basic, basic_ecumenical_altar, portal_sewer_entry_b,
          serial_shops, shop, minivault_23, minmay_misc_feat_columns
Sewer:    sewer_kobolds

Skill      XL: |  1  2  3  4 |
---------------+-------------+-----
Crossbows      | 3 |  3.1
Dodging        | 3 |  3.2
Hexes          | 4 |  4.7
Fighting       | |  1.2
Spellcasting   | |  1.1

Action                   |  1- 3 |  4- 6 || total
-------------------------+-------+-------++-------
 Fire: Hand crossbow     |    76 |    87 ||   163
 Cast: Slow              |     3 |     4 ||     7
Armor: Robe              |     7 |     7 ||    14
Dodge: Dodged            |    22 |    39 ||    61
